 Dungeon Crawl Stone Soup version bcrawl-1.12.2 (webtiles) character file.

Game seed: 11597666748786146926

51 RedPan the Slasher (level 3, -1/23 HPs)
             Began as an Avariel Reaver on July 23, 2019.
             Was an Initiate of Vehumet.
             Killed from afar by an orc wizard (7 damage)
             ... with a magic dart
             ... on level 2 of the Dungeon.
             The game lasted 00:03:34 (2552 turns).

RedPan the Slasher (Avariel Reaver)                 Turns: 2552, Time: 00:03:34

Health: -1/23      AC:  5    Str:  9    XL:     3   Next: 81%
Magic:  9/9        EV: 13    Int: 19    God:    Vehumet [......]
Gold:   80         SH:  1    Dex: 12    Spells: 8/8 levels left

rFire    . . .     SeeInvis .   a - +0 long sword
rCold    . . .     Gourm    .   (no shield)
rNeg     . . .     Faith    .   b - +0 steam dragon scales
rPois    .         Spirit   .   (no helmet)
rElec    .         Reflect  .   (no cloak)
rCorr    .         Harm     .   (no gloves)
MR       .....                  (no boots)
Stlth    +.........             (no amulet)
HPRegen  0.07/turn              (no ring)
MPRegen  0.11/turn              (no ring)

@: no status effects
A: no striking features
a: Renounce Religion


You were on level 2 of the Dungeon.
You worshipped Vehumet.
Vehumet was noncommittal.
You were near starving.

You visited 1 branch of the dungeon, and saw 2 of its levels.

You collected 80 gold pieces.

Inventory:

Hand Weapons
 a - a +0 long sword (weapon)
Missiles
 k - a throwing net (quivered) {!f}
Armour
 b - +0 steam dragon scales (worn)
Scrolls
 d - 2 scrolls of immolation
 e - a scroll of remove curse
Potions
 c - a potion of haste
 h - a potion of brilliance
 i - 2 potions of curing
Comestibles
 f - 4 rations {!d}


   Skills:
 - Level 3.0 Fighting
 * Level 4.4 Long Blades
 + Level 3.6 Dodging
 - Level 3.0 Spellcasting


You had 8 spell levels left.
You didn't know any spells.
Your spell library contained the following spells:

 Spells                   Type           Power        Failure   Level  Hunger
 Iskenderun's Battlesphe  Conj/Chrm      #.......     99%         5    ######.


Dungeon Overview and Level Annotations

Branches:
Dungeon (2/12)

Altars:
Makhleb


Message History

The orc wizard hits you with a +0 dagger.
You closely miss the orc wizard. The orc wizard barely misses you.
An orc priest comes into view. It is wielding a +0 club.
You closely miss the orc wizard.
The orc priest shouts!
The orc wizard casts a spell at you. The puff of flame hits you!
The orc wizard closely misses you.
You slash the orc wizard!
The orc wizard is heavily wounded.
The orc wizard barely misses you.
The orc wizard begins to cast a cantrip, but forgets the words!
The orc priest calls upon Beogh to heal the orc wizard.
The orc wizard is healed somewhat.
The orc wizard points at you and mumbles some strange words.
The puff of flame hits you!
* * * LOW HITPOINT WARNING * * *
The orc wizard looks braver for a moment.
The orc wizard points at you and mumbles some strange words.
The magic dart hits you!
You die...

#...# ###########.##
#...# #....o.o.....#
#...# #o############
## ##### #o# .# #.#
.# #.# .# #.# .# #.#
.# ########
#@########## .#
#......#
#.#........# .#
#......#
#.#.######.# .#
#......# #.#.# #.#
.# #......# #.#.#
#.# .# #......#
#.#.# #.# .#
#......# #<#.# #.#
######...#########.#
#.#
.....'...'.........#
#.#


You could see an orc priest and an orc wizard.

Vanquished Creatures
  2 gnolls
  2 worms (D:2)
  A leopard gecko (D:1)
  2 orcs (D:2)
  A bat (D:2)
  3 giant cockroaches
  3 goblins
  3 hobgoblins (D:1)
  4 frilled lizards
  A kobold (D:2)
  A rat (D:1)
23 creatures vanquished.

Notes
Turn   | Place    | Note
-------+----------+-------------------------------------------
     0 | D:1      | RedPan the Avariel Reaver began the quest for the Orb.
     0 | D:1      | Reached XP level 1. HP: 13/13 MP: 6/6
   333 | D:1      | Reached XP level 2. HP: 14/18 MP: 8/8
  1596 | D:2      | Found a burning altar of Makhleb.
  1601 | D:2      | Reached skill level 4 in Long Blades
  1601 | D:2      | Reached XP level 3. HP: 23/23 MP: 9/9
  2552 | D:2      | Killed from afar by an orc wizard

Skill      XL: |  1  2 |
---------------+-------+-----
Spellcasting   | 3 |  3.0
Fighting       | 3 |  3.0
Long Blades    | 4 |  4.4
Dodging        | |  3.6

Action                   || total
-------------------------++-------
Melee: Long sword        ||    99
  Use: Scroll            ||     4
       Potion            ||     1
  Eat: Chunk             ||     3
Armor: Steam dragon scal ||    17
Dodge: Dodged            ||    65
